 Dungeon Crawl Stone Soup version 0.27.1-4-g1640c2035a (webtiles) character file.

Game seed: 9347185124151861143

14000 pkoi the Transmogrifier (level 11, -2/103 HPs)
             Began as a Yellow Draconian Earth Elementalist on Nov 5, 2021.
             Was a High Priest of Cheibriados.
             Slain by an elephant (12 damage)
             ... on level 4 of the Lair of Beasts.
             The game lasted 00:27:55 (16014 turns).

pkoi the Transmogrifier (DrEE)                     Turns: 16014, Time: 00:27:56

Health: -2/103     AC: 10    Str: 30    XL:     11   Next: 83%
Magic:  9/17       EV: 15    Int: 32    God:    Cheibriados [*****.]
Gold:   772        SH:  5    Dex: 30    Spells: 8/18 levels left

rFire    x . .     SeeInvis .     - Unarmed
rCold    + + +     Faith    .   (shield currently unavailable)
rNeg     . . .     Spirit   .   (armour unavailable)
rPois    +         Reflect  +   (helmet currently unavailable)
rElec    .         Harm     .   (cloak currently unavailable)
rCorr    .         Rampage  .   (gloves currently unavailable)
Will     .....                  (boots currently unavailable)
Stlth    +++.......             k - amulet of reflection
HPRegen  0.27/turn              n - +6 ring of strength
MPRegen  0.15/turn              i - +6 ring of dexterity

@: ice-form, very slow
A: freezing attack, amphibious, boosted hp, (spit acid), AC +7, large, unfitting
armour, (cold-blooded), (acid resistance)
a: End Transformation, Renounce Religion, Bend Time, Temporal Distortion,
Slouch, Step From Time


You were on level 4 of the Lair of Beasts.
You worshipped Cheibriados.
Cheibriados was extremely pleased with you.
You were a creature of crystalline ice.
You visited 3 branches of the dungeon, and saw 14 of its levels.
You also visited: Ossuary.

You collected 772 gold pieces.

Inventory:

Hand Weapons
 a - the +4 hand axe of the Extremely Mad {venom, Int+5}
   (You found it on level 4 of the Dungeon)

   It poisons the flesh of those it strikes.
   Int:       It affects your intelligence (+5).
Missiles
 c - 53 stones
 t - 4 throwing nets
Armour
 d - a +2 cloak of willpower (melded)
 f - a +1 pair of gloves (melded)
Jewellery
 i - a +6 ring of dexterity (right front paw)
 j - a ring of flight
 k - an amulet of reflection (around neck)
 n - a +6 ring of strength (left front paw)
 z - a ring of fire
 B - a ring of ice
Wands
 e - a wand of acid (17)
 h - a wand of flame (34)
 A - a wand of iceblast (16)
Scrolls
 m - 2 scrolls of amnesia
 r - a scroll of fear
 s - a scroll of summoning
 x - 2 scrolls of enchant armour
 y - 3 scrolls of identify
 C - a scroll of enchant weapon
 D - 5 scrolls of magic mapping
 E - a scroll of holy word
 F - a scroll of teleportation
Potions
 b - 2 potions of curing
 g - 3 potions of cancellation
 l - a potion of invisibility
 o - 5 potions of lignification
 p - 2 potions of ambrosia
 u - 5 potions of heal wounds
 w - 3 potions of might


   Skills:
 - Level 5.0 Fighting
 - Level 5.4 Dodging
 - Level 1.7 Stealth
 + Level 8.3 Unarmed Combat
 - Level 4.0 Spellcasting
 - Level 5.9 Conjurations
 + Level 8.6 Transmutations
 + Level 3.6 Ice Magic
 - Level 8.2 Earth Magic
 - Level 7.9 Invocations


You had 8 spell levels left.
You knew the following spells:

 Your Spells              Type           Power      Damage    Failure   Level
a - Sandblast             Erth           100%       2d20      1%          1
b - Stone Arrow           Conj/Erth      100%       3d13      1%          3
c - Passwall              Tmut/Erth      47%        N/A       1%          2
d - Ice Form              Ice/Tmut       45%        N/A       4%          4

Your spell library contained the following spells:

 Spells                   Type           Power      Damage    Failure   Level
 Petrify                  Tmut/Erth      57%        N/A       1%          4
 Frozen Ramparts          Ice            58%        1d7       3%          3
 Ensorcelled Hibernation  Hex/Ice        34%        N/A       4%          2
 Dazzling Flash           Conj/Hex       50%        N/A       4%          3
 Corona                   Hex            6%         N/A       5%          1
 Tukima's Dance           Hex            6%         N/A       17%         3
 Iskenderun's Mystic Bla  Conj/Tloc      25%        2d7       17%         4
 Summon Ice Beast         Ice/Summ       17%        N/A       26%         4
 Passage of Golubria      Tloc           N/A        N/A       50%         4
 Silence                  Hex/Air        3%         N/A       83%         5
 Starburst                Conj/Fire      12%        6d5       95%         6
 Dispersal                Tloc           3%         N/A       100%        6
 Disjunction              Tloc           3%         N/A       100%        8
 Lehudib's Crystal Spear  Conj/Erth      25%        10d7      100%        8


Dungeon Overview and Level Annotations

Branches:
Dungeon (9/15)             Temple (1/1) D:4            Lair (4/6) D:9
  Swamp (0/4) Lair:2       Spider (0/4) Lair:2      Ossuary (visited)
    Orc: D:9-12

Altars:
Ashenzari
Cheibriados
Dithmenos
Elyvilon
Fedhas
Gozag
Hepliaklqana
Kikubaaqudgha
Makhleb
Nemelex Xobeh
Okawaru
Qazlal
Trog
Uskayaw
Vehumet
Wu Jian
Xom
Yredelemnul
Zin
The Shining One

Portals:
Abyss: Lair:1

Annotations:
D:5 3 runed translucent doors, horus123's ghost, novice HuHu
D:8 exclusion: statue
Lair:1 2 transporters manual of UC, reversiblehash's ghost, journeyman MiFi
Lair:2 3 runed translucent doors, Icepheonix32's ghost, journeyman DsTm


Innate Abilities, Weirdness & Mutations

You are a creature of crystalline ice.
You have a powerful freezing melee attack.
You are amphibious.
Your maximum health is increased.
Your armour is entirely melded.
You are incapable of wielding weapons or throwing items.
((You can spit globs of acid.))
((Your golden yellow scales are hard. (AC +7)))
You cannot fit into any form of body armour.
((You are cold-blooded and may be slowed by cold attacks.))
((You are resistant to acid. (rCorr)))


Message History

The elephant is lightly wounded.
The elephant tramples you!
* * * LOW HITPOINT WARNING * * *
You hold your ground!
The elephant trunk-slaps you.
* * * LOW HITPOINT WARNING * * *
You punch the elephant! You freeze the elephant.
The elephant is moderately wounded.
The elephant tramples you but does no damage.
You block the elephant's attack.
You hit the elephant but do no damage.
The elephant is moderately wounded.
You hit the elephant but do no damage.
The elephant is moderately wounded.
The elephant tramples you but does no damage.
You block the elephant's attack.
You punch the elephant! You freeze the elephant.
The elephant is severely wounded.
You block the elephant's attack.
The elephant trunk-slaps you but does no damage.
You hit the elephant. You freeze the elephant.
The elephant is severely wounded.
The elephant completely misses you. You block the elephant's attack.
You pummel the elephant!! You freeze the elephant!
You kill the elephant!
Cheibriados thoroughly appreciates the change of pace.
You punch the elephant! You freeze the elephant.
The elephant is lightly wounded.
The elephant completely misses you. The elephant barely misses you.
You pummel the elephant!! You freeze the elephant!
The elephant is heavily wounded.
The elephant tramples you!
* * * LOW HITPOINT WARNING * * *
You hold your ground!
You block the elephant's attack.
You warp the flow of time around you!
An elephant is nearby!
An elephant is nearby!
You punch the elephant! You freeze the elephant.
The elephant is severely wounded.
The elephant tramples you!
You die...

#...........
####.##........
####...#...#......
#.....#####.......
#.P##.## #.#.....
## ##..#####......
##...##P##.#....
###........#......
#Y#.Y.............
##Y#..............
#......<..........
####.<..##........
#.)#.....#.......
#.#.....##.......
####..####.......
##.# .....P..
#..#.........


You could see an elephant.

Vanquished Creatures
  Harold (D:9)
  Urug (Lair:1)
  3 elephants (Lair:4)
  Maggie (D:9)
  3 komodo dragons
  4 cane toads
  Prince Ribbit (D:9)
  A wyvern (Lair:1)
  2 wraiths (D:9)
  18 yaks
  A basilisk (Lair:1)
  2 steam dragons
  3 wargs (D:9)
  6 water moccasins
  2 ice beasts
  5 sky beasts
  A black bear (D:6)
  3 ogres (D:6)
  A necrophage (D:7)
  5 orc warriors
  9 wolves
  3 centaurs
  A phantom (D:7)
  A kobold brigand (D:8)
  An elf zombie (Ossuary)
  7 bullfrogs
  A gnoll sergeant (D:7)
  A wyvern zombie (D:5)
  2 water moccasin zombies (D:5)
  3 killer bees (D:9)
  3 electric eels (D:8)
  3 howler monkeys
  2 centaur zombies (Ossuary)
  A human zombie (Ossuary)
  2 jellies
  3 gnoll shamans
  8 orc priests
  A centaur skeleton (D:7)
  6 iguanas
  5 orc wizards
  A scorpion zombie (D:5)
  A hound zombie (D:5)
  A howler monkey zombie (D:9)
  2 mummies (Ossuary)
  26 gnolls
  A howler monkey skeleton (D:6)
  5 adders
  A shadow imp (D:6)
  A white imp (D:6)
  An adder skeleton (D:4)
  2 worms
  3 dart slugs
  23 orcs
  4 ball pythons
  6 endoplasms
  3 giant cockroaches
  3 goblins (D:3)
  4 hobgoblins
  2 jackals (D:3)
  10 kobolds
  2 quokkas
  7 bats
  3 frilled lizards
  2 goblin zombies (Ossuary)
  13 hobgoblin zombies (Ossuary)
  A jackal zombie (Ossuary)
  9 kobold zombies (Ossuary)
  5 orc zombies (Ossuary)
  10 rats
  2 rat zombies (Ossuary)
281 creatures vanquished.

Vanquished Creatures (collateral kills)
  A bullfrog skeleton (D:5)
1 creature vanquished.

Vanquished Creatures (others)
  An orc wizard (D:9)
  6 fungi
  17 plants
24 creatures vanquished.

Grand Total: 306 creatures vanquished

Notes
Turn   | Place    | Note
-------+----------+-------------------------------------------
     0 | D:1      | pkoi the Draconian Earth Elementalist began the quest for
                  | the Orb.
     0 | D:1      | Reached XP level 1. HP: 14/14 MP: 3/3
   526 | D:1      | Reached XP level 2. HP: 17/20 MP: 5/5
   784 | D:1      | Reached skill level 1 in Unarmed Combat
  1523 | D:2      | Found a faded altar of an unknown god.
  1782 | D:2      | Reached XP level 3. HP: 26/26 MP: 4/6
  2487 | D:3      | Found a glowing silver altar of Zin.
  2543 | D:3      | Found a basalt altar of Yredelemnul.
  2642 | D:3      | Found a snail-covered altar of Cheibriados.
  2657 | D:3      | Became a worshipper of Cheibriados the Contemplative
  2837 | D:3      | Reached XP level 4. HP: 29/33 MP: 4/7
  3014 | D:4      | Found a staircase to the Ecumenical Temple.
  3032 | Temple   | Entered the Ecumenical Temple
  3306 | D:4      | Noticed a steam dragon
  3314 | D:4      | HP: 1/33 [steam dragon (1)]
  3327 | D:4      | Identified the +4 hand axe of the Extremely Mad {venom,
                  | Int+5}
  3592 | D:4      | Reached skill level 1 in Invocations
  3672 | D:4      | Reached XP level 5. HP: 38/38 MP: 6/8
  3733 | D:4      | Reached * piety under Cheibriados
  4139 | D:4      | Found a bloodstained altar of Trog.
  4172 | D:4      | Found a white marble altar of Elyvilon.
  4323 | D:4      | Killed a steam dragon
  4324 | D:4      | Reached XP level 6. HP: 17/45 MP: 3/9
  4379 | D:4      | Learned a level 3 spell: Stone Arrow
  4539 | D:4      | Found a hazy altar of Hepliaklqana.
  4566 | D:5      | Entered Level 5 of the Dungeon
  4592 | D:5      | Found a sand-covered staircase.
  4614 | Ossuary  | Entered an ossuary
  4772 | Ossuary  | Reached ** piety under Cheibriados
  4773 | Ossuary  | Reached skill level 1 in Conjurations
  4996 | Ossuary  | Your scales start taking on a golden yellow colour.
  4996 | Ossuary  | Reached XP level 7. HP: 42/50 MP: 10/10
  4996 | Ossuary  | Gained mutation: You are resistant to acid. (rCorr) [Yellow
                  | Draconian growth]
  5154 | D:5      | Identified a scroll of acquirement
  5154 | D:5      | Acquired a +1 cloak of willpower
  5302 | D:5      | Reached skill level 5 in Earth Magic
  5515 | D:5      | Reached *** piety under Cheibriados
  5916 | D:5      | Learned a level 2 spell: Passwall
  6080 | D:5      | Found a runed translucent gate.
  6080 | D:5      | Found a runed translucent gate.
  6080 | D:5      | Found a runed translucent gate.
  6084 | D:5      | Noticed horus123's ghost (novice HuHu)
  6329 | D:6      | Reached XP level 8. HP: 48/57 MP: 11/11
  6786 | D:6      | Reached skill level 5 in Transmutations
  7123 | D:6      | Reached skill level 5 in Unarmed Combat
  7442 | D:7      | Reached **** piety under Cheibriados
  7443 | D:7      | Reached skill level 5 in Invocations
  7445 | D:7      | Reached skill level 1 in Fighting
  7871 | D:7      | Reached XP level 9. HP: 64/64 MP: 9/12
  8219 | D:7      | Found a shimmering altar of Xom.
  8220 | D:7      | Found a burning altar of Makhleb.
  8268 | D:7      | Found a stormy altar of Qazlal.
  8620 | D:8      | Reached ***** piety under Cheibriados
  8882 | D:8      | Found a radiant altar of Vehumet.
  9165 | D:8      | Reached skill level 5 in Conjurations
  9175 | D:8      | Reached XP level 10. HP: 52/77 MP: 14/14
  9700 | D:8      | Found a hide-covered altar of Uskayaw.
 10097 | D:9      | Noticed Harold
 10107 | D:9      | Killed Harold
 10247 | D:9      | Found a staircase to the Lair.
 10544 | D:9      | Noticed Maggie
 10549 | D:9      | Noticed Prince Ribbit
 10555 | D:9      | Killed Maggie
 10558 | D:9      | Killed Prince Ribbit
 11764 | Lair:1   | Entered Level 1 of the Lair of Beasts
 11816 | Lair:1   | Noticed a cane toad
 11824 | Lair:1   | Killed a cane toad
 11968 | Lair:1   | Noticed Urug
 11980 | Lair:1   | Killed Urug
 11981 | Lair:1   | Reached skill level 5 in Fighting
 11981 | Lair:1   | Reached XP level 11. HP: 23/86 MP: 10/17
 12418 | Lair:1   | Found a one-way gate to the infinite horrors of the Abyss.
 12418 | Lair:1   | Noticed a purple ugly thing
 12418 | Lair:1   | Noticed reversiblehash's ghost (journeyman MiFi)
 12424 | Lair:1   | Noticed a glowing orange brain
 12430 | Lair:1   | Noticed a spriggan rider
 12433 | Lair:1   | Found a transporter.
 12457 | Lair:1   | Noticed a red ugly thing
 12460 | Lair:1   | Noticed a hell hog
 12468 | Lair:1   | Found a transporter.
 12683 | Lair:1   | Reached skill level 5 in Dodging
 13607 | Lair:2   | Found a hole to the Spider Nest.
 13716 | Lair:2   | Found a staircase to the Swamp.
 13718 | Lair:2   | Found a runed translucent gate.
 13718 | Lair:2   | Found a runed translucent gate.
 13718 | Lair:2   | Found a runed translucent gate.
 13718 | Lair:2   | Noticed Icepheonix32's ghost (journeyman DsTm)
 14294 | Lair:3   | Learned a level 4 spell: Ice Form
 14958 | Lair:3   | Reached skill level 1 in Ice Magic
 15944 | Lair:4   | Identified the +2 rapier "Uhiathom" {vorpal, rN+ Dex+4}
 16014 | Lair:4   | Slain by an elephant

Illustrated notes

Levels and vault maps discovered:
D:1:      dpeg_arrival_signposts, layout_basic, chequers_jeans
D:2:      layout_basic, ebering_ecumenical_altar_rust, grunt_decor_cap
D:3:      layout_rooms, cheibrodos_worm_habitat, mainiacjoe_overflow_brackets,
          zin_academy, minmay_misc_feat_four_crosses, grunt_ministairs_7
D:4:      layout_rooms, nicolae_elyvilon_peaceful_grove,
          worldfamousw_hep_ancestral_shrine, lemuel_round_altar,
          minmay_temple_entry_tees
D:5:      layout_basic, nicolae_ossuary_entry_ruins, ebering_ghost_rock_garden,
          gup_sewer_entry_spiral, serial_glass, glass_columns_b,
          glass_columns_a, feat_on_display, minmay_strange_pillars,
          item_on_display_a
D:6:      layout_cave_pods
D:7:      layout_gridville, chequers_temple_overflow_statue_of_worship,
          grunt_ministairs_4, hangedman_abyss_or_decor_stabs
D:8:      layout_basic, mainiacjoe_overflow_small_starburst, vehumet_statue,
          serial_bayou_ford_a, st_stairs_7
D:9:      layout_gridville, erik_lair_orcish_takeover, uniq_prince_ribbit1,
          uniq_maggie, uniq_harold
Temple:   jpeg_temple_island
Lair:1:   layout_regular_city, gammafunk_ghost_abyssal_escape,
          serial_bayou_shore_b, uniq_urug
Lair:2:   layout_roguey, minmay_swamp_entry_reptiles,
          spider_nest_entry_web_field, ebering_ghost_rock_garden, minivault_27
Lair:3:   layout_layer_cave, grunt_megastairs_3
Lair:4:   layout_layer_cave, serial_forest, infiniplex_forest_corner_2,
          infiniplex_forest_end_2, infiniplex_forest_clump_large,
          infiniplex_forest_clump_curved, infiniplex_forest_zigzag_1,
          infiniplex_forest_clump_medium

Skill      XL: |  1  2  3  4  5  6  7  8  9 10 11 |
---------------+----------------------------------+-----
Unarmed Combat | 1 2 3 4 5 6 8 |  8.3
Transmutations | 2 3 4 5 6 7 8 |  8.6
Invocations    | 1 2 3 4 5 6 7 |  7.9
Earth Magic    | 4 5 6 7 8 |  8.2
Conjurations   | 1 2 4 5 |  5.9
Fighting       | 1 3 5 |  5.0
Dodging        | 2 3 4 5 |  5.4
Spellcasting   | 4 |  4.0
Ice Magic      | 3 |  3.6
Stealth        | |  1.7

Action                   |  1- 3 |  4- 6 |  7- 9 | 10-12 || total
-------------------------+-------+-------+-------+-------++-------
Melee: Unarmed           |    46 |    18 |       |   103 ||   167
       Tailslap          |     5 |    18 |    61 |    46 ||   130
       Hand axe          |       |   112 |   232 |   117 ||   461
       Punch             |       |     2 |    10 |    10 ||    22
 Cast: Sandblast         |    50 |    29 |    54 |    72 ||   205
       Ice Form          |       |       |       |     4 ||     4
Invok: Slouch            |       |       |       |     2 ||     2
       Temporal Distorti |       |       |       |     1 ||     1
 Abil: Breathe Acid      |       |       |     4 |     4 ||     8
  Use: Scroll            |       |     2 |    19 |     3 ||    24
       Potion            |       |     1 |     1 |     1 ||     3
 Stab: Sleeping          |       |     2 |     6 |     3 ||    11
Armor: Skin              |    15 |    52 |    99 |    70 ||   236
Dodge: Dodged            |    32 |    97 |   159 |   197 ||   485
Block: Other             |     2 |    43 |    65 |    66 ||   176
       Reflection        |       |       |     2 |     3 ||     5
